 Dungeon Crawl Stone Soup version 0.20.1-1-g8b1a95d (webtiles) character file.

19 Nattfarinn the Sneak (level 2, -1/18 HPs)
             Began as an Octopode Enchanter on Aug 2, 2017.
             Slain by an adder (3 damage)
             ... on level 2 of the Dungeon.
             The game lasted 00:02:14 (1176 turns).

Nattfarinn the Sneak (Octopode Enchanter)           Turns: 1176, Time: 00:02:15

Health: -1/18      AC:  1    Str:  7    XL:     2   Next: 75%
Magic:  5/5        EV: 18    Int: 17    God:
Gold:   14         SH:  4    Dex: 17    Spells: 4/5 levels left

rFire    . . .     SeeInvis .   a - +1 dagger
rCold    + . .     Gourm    .   e - +0 buckler
rNeg     . . .     Faith    +   (helmet restricted)
rPois    .         Spirit   .   j - amulet of faith
rElec    .         Reflect  .   g - ring of protection from cold
rCorr    .         Harm     .   (no ring)
MR       .....                  (no ring)
Stlth    +++++.....             (no ring)
Regen    0.1/turn               (no ring)
MPRegen  0.1/turn               (no ring)
                                (no ring)
                                (no ring)

@: agile, lethally poisoned (-1 -> -6)
A: almost no armour, stealthy swim, amphibious, 8 rings, constrict 8, camouflage
1, gelatinous body 1
a: no special abilities


You were on level 2 of the Dungeon.
You were not hungry.

You visited 1 branch of the dungeon, and saw 2 of its levels.

You collected 14 gold pieces.

Inventory:

Hand Weapons
 a - a +1 dagger (weapon)
Armour
 e - a +0 buckler (worn)
Jewellery
 g - a ring of protection from cold (left tentacle)
 j - an amulet of faith (around mantle)
Scrolls
 f - a scroll of identify {unknown}
 h - 2 scrolls of teleportation {unknown}
Potions
 d - a potion of heal wounds {unknown}
 i - a potion of agility
 k - a potion of invisibility {unknown}
Books
 b - a book of Maledictions

   Spells                             Type                      Level
   a - Corona                         Hexes                        1
   b - Ensorcelled Hibernation        Hexes/Ice                    2
   c - Confuse                        Hexes                        3
   d - Tukima's Dance                 Hexes                        3
   e - Dazzling Spray                 Conjuration/Hexes            3
Comestibles
 c - a bread ration
 l - a chunk of flesh


   Skills:
 * Level 0.8 Fighting
 - Level 1.0 Short Blades
 * Level 2.1 Dodging
 + Level 4.4 Stealth
 - Level 2.0 Spellcasting
 * Level 3.4 Hexes


You had 4 spell levels left.
You knew the following spells:

 Your Spells              Type           Power        Failure   Level  Hunger
a - Corona                Hex            ##.....      8%          1    #......


Dungeon Overview and Level Annotations

Branches:
Dungeon (2/15)

Altars:


Innate Abilities, Weirdness & Mutations

You cannot wear most types of armour.
You are very stealthy in the water. (Stealth+)
You are amphibious.
You can wear up to eight rings at the same time.
You can use your tentacles to constrict eight enemies at once.
Your skin changes colour to match your surroundings (Stealth+).
Your rubbery body absorbs attacks. (AC +1, EV +1)


Message History

You miss the adder. Your grab misses the adder. Your squeeze misses the adder.
The adder bites you.
Welcome back, Nattfarinn the Octopode Enchanter.
Press ? for a list of commands and other information.
You closely miss the adder. Your grab misses the adder.
You block the adder's attack.
You hit the adder. You grab the adder.
The adder is lightly wounded.
You constrict the adder. The adder bites you. x2
You are poisoned.
The adder poisons you!
You are too injured to fight recklessly!
You hit the adder.
The adder is moderately wounded.
You constrict the adder.
You feel sick. The adder bites you.
* * * LOW HITPOINT WARNING * * *
It was a potion of agility.
You feel agile all of a sudden.
You constrict the adder. The adder bites you.
You die...

.... . #... .. ..
........... #
..##.##.#.#..#####?
....##.#.....S....
###................
..####S..$#.............
#%.....@..$.............
####....................
#....................
#.............).#....
##.........>###.# ##.
#..>.#....####.#.##.
#..$........†<......
#....#.##..##††#.#..
#....#.#......##.#


You could see an adder.

Vanquished Creatures
  3 goblins
  2 hobgoblins (D:1)
  A quokka (D:1)
  2 ball pythons (D:2)
  3 bats
  4 kobolds (D:1)
  2 rats (D:1)
17 creatures vanquished.

Notes
Turn   | Place    | Note
-------+----------+-------------------------------------------
     0 | D:1      | Nattfarinn the Octopode Enchanter began the quest for the Orb.
     0 | D:1      | Reached XP level 1. HP: 11/11 MP: 3/3
   446 | D:1      | Reached XP level 2. HP: 7/18 MP: 5/5
  1176 | D:2      | Slain by an adder

Action                   || total
-------------------------++-------
Melee: Dagger            ||    49
       Constrict         ||    12
       Tentacles         ||     5
  Use: Potion            ||     1
 Stab: Sleeping          ||     3
  Eat: Chunk             ||     1
Armor: Skin              ||     8
Dodge: Dodged            ||    39
Block: Buckler           ||    10
